Map: Abyssal Reef LE

Players

obluda - Winner!

  • Race: Protoss Protoss
  • League: Silver
  • Spawn Location: 11:00

BIGFLLA

  • Race: Protoss Protoss
  • League: Silver
  • Spawn Location: 5:00

VOD

Have the link to the VOD?

Description

Time

  • Played on: March 21, 2017, 5:03 a.m.
  • Length: 11:34
Show
View Real Time Build Order
Export as new Build Order

obluda Protoss - Winner!

Build Orders: 1 Gate Expand 

Get SALT Encoding   

  12  0:01  Probe (Chrono Boost)  
  13  0:12  Probe (Chrono Boost)  
  14  0:20  Pylon  
  14  0:23  Probe (Chrono Boost)  
  15  0:38  Probe (Chrono Boost)  
  15  0:39  Gateway  
  16  0:49  Probe (Chrono Boost)  
  17  0:59  Assimilator  
  17  1:19  Nexus  
  17  1:32  Cybernetics Core  
  17  1:37  Probe (Chrono Boost)  
  18  1:48  Gateway  
  18  1:52  Assimilator  
  18  2:01  Probe (Chrono Boost)  
  19  2:21  Mothership Core (Chrono Boost)  
  21  2:28  Adept  
  23  2:35  Warp Gate, Pylon, Probe (Chrono Boost)  
  24  2:39  Pylon  
  24  2:43  Probe (Chrono Boost)  
  24  2:56  Probe (Chrono Boost)  
  24  2:57  Probe (Chrono Boost)  
  26  3:08  Probe (Chrono Boost)  
  28  3:13  Probe (Chrono Boost)  
  28  3:19  Gateway  
  28  3:30  Adept x2  
  32  3:36  Probe (Chrono Boost)  
  32  3:37  Probe (Chrono Boost)  
  34  3:47  Probe (Chrono Boost)  
  36  3:56  Probe (Chrono Boost)  
  36  3:57  Probe (Chrono Boost)  
  37  4:08  Probe x2 (Chrono Boost)  
  39  4:14  Robotics Facility  
  39  4:17  Gateway  
  39  4:18  Probe (Chrono Boost)  
  39  4:24  Probe (Chrono Boost)  
  39  4:29  Probe (Chrono Boost)  
  39  4:31  Adept  
  42  4:36  Probe (Chrono Boost)  
  42  4:37  Assimilator  
  43  4:40  Probe (Chrono Boost)  
  44  4:50  Probe (Chrono Boost)  
  45  5:12  Observer  
  46  5:19  Probe (Chrono Boost)  
  47  5:25  Gateway  
  47  5:35  Forge  
  47  5:40  Forge  
  47  5:42  Stalker  
  47  5:43  Stalker x2  
  53  5:50  Probe (Chrono Boost)  
  53  5:51  Pylon  
  54  6:09  Probe (Chrono Boost)  
  54  6:10  Probe (Chrono Boost)  
  56  6:16  Stalker  
  56  6:17  Stalker x2  
  62  6:22  Protoss Ground Weapons Level 1  
  62  6:23  Protoss Ground Armor Level 1  
  62  6:25  Pylon  
  62  6:47  Stalker  
  62  6:48  Stalker x2  
  62  6:50  Probe (Chrono Boost)  
  62  6:53  Assimilator  
  69  7:45  Pylon  
  69  7:47  Pylon  
  69  7:48  Pylon  
  69  7:53  Pylon  
  67  8:01  Pylon  
  67  8:05  Pylon  
  63  8:08  Pylon  
  63  8:10  Pylon  
  63  8:12  Stalker x3, Protoss Shields Level 1  
  65  8:13  Stalker x2  
  65  8:17  Twilight Council  
  71  8:24  Probe (Chrono Boost)  
  71  8:25  Probe (Chrono Boost)  
  73  8:37  Probe (Chrono Boost)  
  73  8:40  Stalker x2  
  73  8:41  Stalker x3  
  82  8:50  Gateway  
  82  8:51  Gateway  
  82  8:54  Gateway  
  82  8:56  Gateway  
  82  8:58  Gateway  
  82  9:01  Gateway  
  82  9:02  Gateway  
  82  9:03  Blink  
  82  9:06  Gateway  
  82  9:08  Gateway  
  82  9:39  Stalker  
  82  9:40  Stalker  
  86  9:51  Pylon  
  86  9:55  Pylon  
  86  10:01  Stalker  
  86  10:03  Stalker x2  
  86  10:04  Stalker  
  86  10:05  Stalker  
  86  10:06  Stalker x2  
  100  10:11  Stalker x4  
  100  10:12  Stalker x2  
  112  10:14  Stalker  
  112  10:32  Nexus  
  112  10:34  Pylon  
  106  10:36  Pylon  
  106  10:37  Stalker  
  106  10:38  Stalker x3  
  114  10:53  Observer  
  115  11:00  Probe x2 (Chrono Boost)  
  119  11:12  Probe x2 (Chrono Boost)  
Show
View Real Time Build Order
Export as new Build Order

BIGFLLA Protoss 

Build Orders: Double Forge 

Get SALT Encoding   

  12  0:01  Probe (Chrono Boost)  
  13  0:12  Probe (Chrono Boost)  
  14  0:21  Pylon  
  14  0:24  Probe (Chrono Boost)  
  15  0:39  Assimilator, Probe (Chrono Boost)  
  16  0:50  Probe (Chrono Boost)  
  17  1:00  Probe (Chrono Boost)  
  19  1:11  Probe (Chrono Boost)  
  19  1:22  Probe (Chrono Boost)  
  20  1:26  Gateway  
  20  1:28  Gateway  
  20  1:30  Gateway  
  20  1:56  Probe (Chrono Boost)  
  21  2:16  Cybernetics Core  
  21  2:28  Probe (Chrono Boost)  
  22  2:31  Assimilator  
  22  2:34  Pylon  
  21  2:55  Warp Gate  
  21  3:00  Nexus  
  21  3:12  Forge  
  21  3:14  Forge  
  21  3:24  Nexus  
  21  3:35  Probe (Chrono Boost)  
  22  3:42  Stalker x3  
  28  4:00  Probe (Chrono Boost)  
  24  4:27  Probe x2 (Chrono Boost)  
  26  4:32  Adept  
  26  4:33  Adept x2  
  26  4:36  Protoss Ground Weapons Level 1  
  26  4:37  Protoss Ground Armor Level 1  
  26  4:38  Probe x2 (Chrono Boost)  
  34  4:39  Probe (Chrono Boost)  
  35  4:49  Probe x2 (Chrono Boost)  
  35  4:50  Probe (Chrono Boost)  
  38  5:12  Adept x3  
  44  5:18  Pylon  
  44  5:33  Probe (Chrono Boost)  
  44  5:35  Probe x2 (Chrono Boost)  
  47  5:42  Twilight Council  
  46  5:44  Probe (Chrono Boost)  
  46  5:47  Probe x2 (Chrono Boost)  
  49  5:55  Pylon  
  49  6:00  Probe (Chrono Boost)  
  49  6:02  Probe x2 (Chrono Boost)  
  47  6:24  Adept  
  47  6:25  Adept x2  
  53  6:49  Protoss Ground Armor Level 2, Protoss Ground Weapons Level 2  
  53  6:56  Resonating Glaives  
  53  6:57  Adept x3  
  59  7:04  Probe (Chrono Boost)  
  59  7:05  Probe x2 (Chrono Boost)  
  65  7:16  Probe (Chrono Boost)  
  65  7:17  Probe x2 (Chrono Boost)  
  64  7:41  Probe x3 (Chrono Boost)  
  63  8:15  Adept x3  
  69  8:37  Blink  
  59  8:49  Adept x3  
  59  8:51  Protoss Ground Weapons Level 3  
  65  8:57  Assimilator, Protoss Ground Armor Level 3  
  65  8:59  Assimilator  
  65  9:01  Probe x3 (Chrono Boost)  
  68  9:11  Robotics Facility  
  68  9:13  Probe x3 (Chrono Boost)  
  74  9:25  Probe x3 (Chrono Boost)  
  74  9:46  Pylon  
  74  9:49  Photon Cannon  
  74  9:54  Pylon  
  74  10:03  Pylon  
  74  10:06  Pylon  
  74  10:09  Assimilator  
  74  10:13  Assimilator, Probe x3 (Chrono Boost)  
  77  10:15  Pylon  
  77  10:17  Adept x3  
  77  10:18  Pylon  
  83  10:25  Probe x2 (Chrono Boost)  
  83  10:26  Probe (Chrono Boost)  
  70  10:37  Probe (Chrono Boost)  
  70  10:38  Probe x2 (Chrono Boost)  
  67  10:45  Adept x3  
  73  10:50  Photon Cannon  
  73  10:56  Photon Cannon  
  73  10:59  Photon Cannon  
  73  11:01  Photon Cannon  
  73  11:13  Robotics Facility  
  65  11:29  Adept x3  
Tags
 
Add a new tag
Caveats
  • Supply blocks, unpowered buildings, or Contaminate may cause inaccurate times.
  • Supply counts are checked every 10 seconds.